 Dungeon Crawl Stone Soup version 0.30-a0-385-gfebfb9b408 (webtiles) character file.

Game seed: 6507539445485142082

161 qeuew the Conjurer (level 5, -1/30 HPs)
             Began as a Deep Elf Conjurer on Dec 3, 2022.
             Was a Believer of Sif Muna.
             Killed from afar by an orc wizard (6 damage)
             ... with a magic dart
             ... on level 3 of the Dungeon.
             The game lasted 00:03:46 (2694 turns).

qeuew the Conjurer (Deep Elf Conjurer)              Turns: 2694, Time: 00:03:48

Health: -1/30      AC:  1    Str:  6    XL:     5   Next: 18%
Magic:  0/13       EV: 12    Int: 29    God:    Sif Muna [**....]
Gold:   111        SH:  0    Dex: 13    Spells: 4/12 levels left

rFire   . . .      SeeInvis .    (no weapon)
rCold   . . .      Faith    .    (no shield)
rNeg    . . .      Spirit   .    i - +0 leather armour
rPois   .          Reflect  .    (no helmet)
rElec   .          Harm     .    (no cloak)
rCorr   .          Rampage  .    (no gloves)
Will    .....                    (no boots)
Stlth   ++........               c - amulet of the acrobat
HPRegen 0.25/turn                h - +6 ring of intelligence
MPRegen 0.13/turn                (no ring)

@: about to teleport, unable to drink
A: deformed body, robust 1, inability to drink after injury 1
a: Renounce Religion, Channel Magic


You were on level 3 of the Dungeon.
You worshipped Sif Muna.
Sif Muna was pleased with you.
You visited 1 branch of the dungeon, and saw 3 of its levels.

You collected 111 gold pieces.

Inventory:

Armour
 i - a +0 leather armour (worn)
Jewellery
 c - an amulet of the acrobat (around neck)
 g - a ring of ice
 h - a +6 ring of intelligence (left hand)
Scrolls
 e - a scroll of blinking {unknown}
Potions
 a - a potion of might {unknown}
 b - a potion of curing
 f - a potion of berserk rage


   Skills:
 + Level 1.0 Armour
 * Level 4.0 Dodging
 - Level 2.4 Stealth
 * Level 4.4 Spellcasting
 * Level 5.0 Conjurations
 + Level 0.4 Air Magic
 * Level 1.7 Invocations


You had 4 spell levels left.
You knew the following spells:

 Your Spells              Type           Power      Damage    Failure   Level
a - Magic Dart            Conj           100%       1d8       1%          1
b - Searing Ray           Conj           70%        2d7       1%          2
c - Iskenderun's Mystic   Conj/Tloc      21%        2d6       36%         4
d - Shock                 Conj/Air       88%        1d8       3%          1

Your spell library contained the following spells:

 Spells                   Type           Power      Damage    Failure   Level
 Dazzling Flash           Conj/Hex       42%        N/A       11%         3
 Ensorcelled Hibernation  Hex/Ice        12%        N/A       16%         2
 Passwall                 Tmut/Erth      5%         N/A       16%         2
 Swiftness                Air            8%         N/A       26%         3
 Ignite Poison            Fire/Tmut/Pois 6%         N/A       30%         3
 Kindle Blastsparks       Fire/Tloc/Air  14%        2d11      30%         3
 Fulminant Prism          Conj/Hex       10%        3d8       36%         4
 Airstrike                Air            4%         2d(1-17)  65%         4
 Freezing Cloud           Conj/Ice/Air   8%         6-21      80%         5


Dungeon Overview and Level Annotations

Branches:
Dungeon (3/15)

Altars:
Sif Muna
Zin

Shops:
D:2 *

Annotations:
D:2 1 runed translucent door, Crazy Yiuf


Innate Abilities, Weirdness & Mutations

Armour fits poorly on your strangely shaped body.
You are robust. (+10% HP)
You occasionally lose the ability to drink potions when taking damage.


Message History

There is a strange disturbance nearby!
Casting: Shock (safe; 3% risk of failure)
Confirm with . or Enter, or press ? or * to list all spells.
You can't see any susceptible monsters within range! (Use Z to cast anyway.)
Casting: Shock (safe; 3% risk of failure)
Confirm with . or Enter, or press ? or * to list all spells.
The spell is astonishingly dangerous to miscast (36% risk of failure)!
Continue anyway?
You erupt in a blast of force!
The mystic blast hits something.
Unknown command.
Aiming: Shock (safe; 3% risk of failure)
Press: ? - help, Q - select action, (/) - cycle Shift-Dir - straight line The zap hits something but does no damage.
Something tries to affect you, but you resist.
You don't have enough magic to cast this spell.
A puff of flame appears from out of thin air!
The puff of flame hits you!
You see here a +0 hand axe.
Your magical contamination has completely faded away.
A magic dart appears from out of thin air!
The magic dart hits you!
You feel threatened and lose the ability to drink potions!
* * * LOW HITPOINT WARNING * * *
Aiming: Shock (safe; 3% risk of failure)
Press: ? - help, Q - select action, (/) - cycle Shift-Dir - straight line
Okay, then.
Aiming: Shock (safe; 3% risk of failure)
Press: ? - help, Q - select action, (/) - cycle Shift-Dir - straight line, f - you That beam is likely to hit you.
Continue anyway?
Okay, then.
Aiming: Shock (safe; 3% risk of failure)
Press: ? - help, Q - select action, (/) - cycle Shift-Dir - straight line Unknown command.
You cannot drink potions in your current state!
As you read the scroll of teleportation, it crumbles to dust.
You feel strangely unstable.
You can drink potions again.
A magic dart appears from out of thin air!
The magic dart hits you.
You feel threatened and lose the ability to drink potions!
You die...

.......# #......# #
#......######### #.
#........>.....#### ##..
#.................## .....
#............)......
......####.............######
).......){..@..÷.........(...
.)..#.####................###
. # #.............##....
#.............##.##.
#......<.....÷##.#.. #
###..........#.......#
#.#............####...##
.....#.................##
.......#.####.##..###....


There were no monsters in sight!

Vanquished Creatures
  An orc priest (D:3)
  5 adders
  A worm (D:3)
  A dart slug (D:1)
  3 orcs (D:3)
  7 bats
  7 endoplasms
  4 giant cockroaches
  7 goblins
  4 hobgoblins
  9 jackals
  8 kobolds
  3 quokkas
  4 ball pythons
  3 frilled lizards
  8 rats
75 creatures vanquished.

Notes
Turn   | Place    | Note
-------+----------+-------------------------------------------
     0 | D:1      | qeuew the Deep Elf Conjurer began the quest for the Orb.
     0 | D:1      | Reached XP level 1. HP: 10/10 MP: 6/6
   200 | D:1      | Reached XP level 2. HP: 15/15 MP: 6/8
   385 | D:1      | Found a faded altar of an unknown god.
   393 | D:1      | Prayed at the altar of an unknown god.
   393 | D:1      | Became a worshipper of Sif Muna the Loreminder
   393 | D:1      | Reached * piety under Sif Muna
   575 | D:1      | Reached XP level 3. HP: 15/19 MP: 1/10
  1342 | D:2      | Reached skill level 1 in Invocations
  1363 | D:2      | Reached XP level 4. HP: 24/24 MP: 6/11
  1366 | D:2      | Learned a level 2 spell: Searing Ray
  1371 | D:2      | Learned a level 4 spell: Iskenderun's Mystic Blast
  1447 | D:2      | Found a glowing silver altar of Zin.
  1649 | D:2      | Found a runed translucent door.
  1650 | D:2      | Noticed Crazy Yiuf
  1664 | D:2      | Found Juurirgh's General Store.
  1699 | D:2      | Identified the +2 leather armour of the Morning {rC+ Int+5}
  2155 | D:2      | Gained mutation: You have hidden genetic defects. [potion
                  | of mutation]
  2155 | D:2      | Gained mutation: You are robust. (+10% HP) [potion of
                  | mutation]
  2223 | D:3      | Learned a level 1 spell: Shock
  2281 | D:3      | Gained mutation: Armour fits poorly on your strangely
                  | shaped body. [hidden defects]
  2288 | D:3      | Reached ** piety under Sif Muna
  2424 | D:3      | Reached skill level 5 in Conjurations
  2673 | D:3      | Reached XP level 5. HP: 30/30 MP: 9/13
  2673 | D:3      | Gained mutation: You occasionally lose the ability to drink
                  | potions when taking damage. [hidden defects]
  2673 | D:3      | Lost mutation: You have hidden genetic defects. [hidden
                  | defects expressed]
  2684 | D:3      | Reached skill level 1 in Armour
  2694 | D:3      | Killed from afar by an orc wizard

Illustrated notes

Levels and vault maps discovered:
D:1:      lemuel_arrival_room, layout_loops_ring,
          hellmonk_ecumenical_altar_arch_garden, chequers_avenue,
          minmay_misc_feat_plants
D:2:      layout_basic, serial_corexii_hall, corexii_hall_statues_t,
          corexii_hall_statues_s, serial_shops, nicolae_shop_waterfront,
          basic_altar, minmay_misc_feat_doors, uniq_crazy_yiuf_cottage
D:3:      layout_rooms, mrwooster_statue_mirror, chequers_serial_rivers_micro_c

Skill      XL: |  1  2  3  4  5 |
---------------+----------------+-----
Dodging        | 3 4 |  4.0
Invocations    | 1 |  1.7
Spellcasting   | 4 |  4.4
Conjurations   | 5 |  5.0
Armour         | 1 |  1.0
Stealth        | |  2.4
Air Magic      | |  0.4

Action                   |  1- 3 |  4- 6 || total
-------------------------+-------+-------++-------
Melee: Unarmed           |     4 |       ||     4
 Cast: Magic Dart        |    68 |    26 ||    94
       Shock             |       |    44 ||    44
       Iskenderun's Myst |       |     1 ||     1
  Use: Scroll            |     3 |     4 ||     7
       Potion            |     2 |     1 ||     3
Armor: Robe              |     2 |       ||     2
Dodge: Dodged            |    12 |     2 ||    14

Table legend: (Time is in decaauts)
 A = Elapsed time spent in this place.
 B = Non-inter-level travel time spent in this place.
 C = Inter-level travel time spent in this place.
 D = Time resting spent in this place.
 E = Time spent auto-exploring this place.
 F = Levels seen in this place.
 G = Mean time per level.
                   A        B        C        D        E       F      G
               +--------+--------+--------+--------+--------+-----+--------+
         Total |   2693 |   2627 |     66 |      0 |   2313 |   3 |  897.7 |
       Dungeon |   2693 |   2627 |     66 |      0 |   2313 |   3 |  897.7 |
               +--------+--------+--------+--------+--------+-----+--------+

Top non-repeatable levels by time:
     D:1: 1293 daAuts
     D:2: 875 daAuts
     D:3: 524 daAuts
